[Event "*** SCC Grand Prix: Titled Tuesday Blitz"]
[Site "Chess.com"]
[Date "2020.08.11"]
[Round "1"]
[White "Falia-p"]
[Black "Supernotar"]
[Result "0-1"]
[WhiteElo "2345"]
[BlackElo "2696"]
[TimeControl "180+1"]
[EndTime "10:06:00 PDT"]
[Termination "Supernotar won by checkmate"]

1. e4 c6 2. Nc3 d5 3. d4 dxe4 4. Nxe4 Bf5 5. Ng3 Bg6 6. Nf3 Nd7 7. Bd3 Ngf6 8. Bf4 e6 9. Bxg6 hxg6 10. Qd3 Be7 11. O-O-O Qb6 12. Kb1 O-O-O 13. Ng5 Rhf8 14. h3 Nd5 15. Bd2 Bxg5 16. Bxg5 N7f6 17. Ne4 Nxe4 18. Bxd8 Rxd8 19. Rdf1 Ndc3+ 20. Ka1 Rxd4 21. Qf3 Qa5 22. a3 Ra4 23. bxc3 Nxc3 24. Kb2 Rxa3 25. Ra1 Qb4+ 26. Kc1 Rxa1+ 27. Kd2 Rxh1 28. Qxf7 Qd4# 0-1

[Event "*** SCC Grand Prix: Titled Tuesday Blitz"]
[Site "Chess.com"]
[Date "2020.08.11"]
[Round "1"]
[White "LaPorfia"]
[Black "GalperinPlaton"]
[Result "0-1"]
[WhiteElo "2257"]
[BlackElo "2606"]
[TimeControl "180+1"]
[EndTime "10:06:00 PDT"]
[Termination "GalperinPlaton won by resignation"]

1. d4 Nf6 2. Nf3 g6 3. Nc3 d5 4. Bf4 Bg7 5. e3 O-O 6. Be2 c5 7. Ne5 Nc6 8. O-O Bf5 9. Re1 Rc8 10. a3 cxd4 11. exd4 Qb6 12. Nxc6 Rxc6 13. Bb5 Rxc3 14. bxc3 Qxb5 15. Rxe7 Rc8 16. Rb1 Qa5 17. Rbxb7 Be6 18. Be5 Qxc3 19. h3 h5 20. Rec7 Rxc7 21. Rxc7 Qxa3 22.
c3 Ne8 23. Rb7 Bxe5 24. dxe5 Qxc3 25. Rb8 Kf8 26. Qa4 Qe1+ 27. Kh2 Qxe5+ 0-1

[Event "*** SCC Grand Prix: Titled Tuesday Blitz"]
[Site "Chess.com"]
[Date "2020.08.11"]
[Round "1"]
[White "Shield12"]
[Black "GiorgianBarbosa"]
[Result "1-0"]
[WhiteElo "2849"]
[BlackElo "2414"]
[TimeControl "180+1"]
[EndTime "10:06:01 PDT"]
[Termination "Shield12 won by resignation"]

1. e4 c6 2. d4 d5 3. exd5 cxd5 4. Bd3 Nf6 5. c3 g6 6. h3 Bg7 7. Bf4 O-O 8. Nf3 Nc6 9. O-O Bf5 10. Be2 Ne4 11. Nbd2 Qd7 12. Re1 Rfe8 13. Nb3 Bxh3 14. gxh3 Qxh3 15. Nh2 e5 16. dxe5 Nxe5 17. Qxd5 Qf5 18.
Bc4 Nxc4 19. Qxf5 gxf5 20. Re2 Nf6 21. Rae1 Rxe2 22. Rxe2 Ng4 23. Nf3 Bf6 24. Nbd4 Rd8 25. Nxf5 Rd1+ 26. Kg2 h5 27. b3 Nb6 28. c4 Rc1 29.
Bxc1 1-0

[Event "*** SCC Grand Prix: Titled Tuesday Blitz"]
[Site "Chess.com"]
[Date "2020.08.11"]
[Round "1"]
[White "ShapkinAnatoliy"]
[Black "Region_07"]
[Result "1-0"]
[WhiteElo "2746"]
[BlackElo "2373"]
[TimeControl "180+1"]
[EndTime "10:06:01 PDT"]
[Termination "ShapkinAnatoliy won on time"]

1. d4 f5 2. g3 Nf6 3. Bg2 g6 4. Nd2 Bg7 5. e4 fxe4 6. Nxe4 O-O 7. Ne2 Nxe4 8. Bxe4 d5 9. Bg2 Bg4 10. c3 Nc6 11. h3 Bxe2 12. Qxe2 e5 13. dxe5 Nxe5 14. O-O c6 15. Bf4 Re8 16. Rfe1 Qd7 17. Qc2 Rad8 18. Re2 Nc4 19. Rae1 Rxe2 20. Qxe2 Kf7 21. b3 Nd6 22.
c4 Re8 23. Qd1 Rxe1+ 24. Qxe1 dxc4 25. Qd2 cxb3 26. axb3 Bf8 27. Bf1 Qe6 28. b4 Be7 29. Qd4 Qf6 30. Qxa7 b5 31. Qd7 Nc4 32. Bg2 Qa1+ 33.
Kh2 Qb2 34. Qxc6 Qxf2 35. Qxb5 Nd2 36. Qd5+ Kf8 37. Qxd2 1-0

[Event "*** SCC Grand Prix: Titled Tuesday Blitz"]
[Site "Chess.com"]
[Date "2020.08.11"]
[Round "1"]
[White "Shubinkirill2003"]
[Black "Bastiandash"]
[Result "1-0"]
[WhiteElo "2647"]
[BlackElo "2302"]
[TimeControl "180+1"]
[EndTime "10:06:02 PDT"]
[Termination "Shubinkirill2003 won by checkmate"]

1. e4 c6 2. d4 d5 3. exd5 cxd5 4. Bd3 Nc6 5. c3 Nf6 6. Bf4 Bg4 7. Qb3 Qd7 8. Nd2 a6 9. Ngf3 Rc8 10. h3 Bf5 11. Bxf5 Qxf5 12. Qxb7 Nd8 13. Qxa6 Rc6 14. Qb5 Nd7 15. Be3 Rb6 16. Qa4 Rxb2 17. O-O g5 18.
Rab1 Rxb1 19. Rxb1 Rg8 20. Ne5 f6 21. g4 Qe6 22. Rb6 fxe5 23. Rxe6 Nxe6 24. Qa8+ Kf7 25.
Qxd5 Bg7 26. Qxd7 Rd8 27. Qb5 exd4 28. cxd4 Bxd4 29. Qf5+ Bf6 30. Ne4 Ng7 31. Nxg5+ Ke8 32. Qb5+ Kf8 33. Nxh7+ Kg8 34. Nxf6+ exf6 35. Kg2 Rf8 36.
Qd5+ Kh8 37. a4 f5 38. a5 fxg4 39. hxg4 Ne8 40. Bd4+ Kh7 41. a6 Nc7 42. Qd7+ Kg6 43. Qg7# 1-0

[Event "*** SCC Grand Prix: Titled Tuesday Blitz"]
[Site "Chess.com"]
[Date "2020.08.11"]
[Round "1"]
[White "natelleka"]
[Black "pastouche06"]
[Result "0-1"]
[WhiteElo "2084"]
[BlackElo "2497"]
[TimeControl "180+1"]
[EndTime "10:06:03 PDT"]
[Termination "pastouche06 won by resignation"]

1. e4 c6 2. d4 d5 3. f3 Qb6 4. Nc3 dxe4 5. Bc4 exf3 6. Nxf3 Nf6 7. O-O e6 8. Ne5 Be7 9. Bg5 O-O 10. Bxf6 Bxf6 11. Rxf6 gxf6 12. Qg4+ Kh8 13. Qh4 Qd8 14. Rf1 fxe5 15. Qh6 Nd7 16. Bd3 f5 17. Rf3 Qf6 18. Qh5 exd4 19. Rh3 Qf7 0-1

[Event "*** SCC Grand Prix: Titled Tuesday Blitz"]
[Site "Chess.com"]
[Date "2020.08.11"]
[Round "1"]
[White "Batsai"]
[Black "INDIAN-ELEPHANT"]
[Result "0-1"]
[WhiteElo "2329"]
[BlackElo "2669"]
[TimeControl "180+1"]
[EndTime "10:06:05 PDT"]
[Termination "INDIAN-ELEPHANT won by resignation"]

1. e4 e5 2. Nf3 Nc6 3. Bb5 a6 4.
Ba4 Nf6 5. O-O Be7 6. Re1 b5 7. Bb3 O-O 8. h3 d6 9. c3 Na5 10. Bc2 c5 11. d4 Qc7 12. d5 Bd7 13. Nbd2 c4 14. Nf1 Nb7 15. g4 h5 16. N3h2 g6 17. Ng3 hxg4 18. hxg4 Nh7 19. Bh6 Rfe8 20. Qf3 Qd8 21.
Ne2 Bg5 22. Qh3 Bxh6 23. Qxh6 Qg5 24. Qxg5 Nxg5 25. Kg2 Kg7 26. Nf3 Nxf3 27. Kxf3 Rh8 28. Rh1 a5 29. Ng3 Nc5 30. Rxh8 Rxh8 31. Rh1 Rb8 32.
Ne2 b4 33. Rb1 b3 34. axb3 cxb3 35. Bd1 Rh8 36. Ng3 a4 37. Ra1 Rh2 38. Be2 Rh4 39.
Ke3 Bxg4 40. f3 Bd7 41. Nf1 Rh1 42. Kf2 f5 43. Kg2 Rh4 44. exf5 gxf5 45. Ne3 Kf6 46. Nc4 Ke7 47. Nb6 Be8 48. Kf2 Rh2+ 49. Ke3 f4+ 50. Kd2 Bb5 51. c4 Be8 52. Rg1 Kd8 53. Rg7 a3 54. bxa3 b2 55. Rg1 Kc7 56. Rb1 Nb3+ 57.
Kc3 Nd4 58. Bd3 Kxb6 59. Rxb2+ Rxb2 60. Kxb2 Nxf3 61. Kc3 0-1

[Event "*** SCC Grand Prix: Titled Tuesday Blitz"]
[Site "Chess.com"]
[Date "2020.08.11"]
[Round "1"]
[White "adotand"]
[Black "lider34"]
[Result "1-0"]
[WhiteElo "2794"]
[BlackElo "2398"]
[TimeControl "180+1"]
[EndTime "10:06:06 PDT"]
[Termination "adotand won by resignation"]

1. e4 c6 2. d4 d5 3. exd5 cxd5 4. Bd3 Nc6 5. c3 Nf6 6. Bf4 Bg4 7. Ne2 e6 8. O-O Bd6 9. Bxd6 Qxd6 10. Qe1 O-O 11. f4 Rfe8 12. Ng3 Qd7 13. Nd2 Bf5 14. Qe2 Bxd3 15.
Qxd3 Rab8 16. Rae1 b5 17. b4 Qc7 18. Nb3 a5 19. a3 axb4 20. axb4 Nd7 21. Nc5 Nxc5 22. dxc5 d4 23. Ne4 dxc3 24. Qxc3 Red8 25. Nd6 Ne7 26. Qg3 Nf5 27. Nxf5 exf5 28. Re5 g6 29. Rxf5 Rd2 30. Re5 Rbd8 31. f5 Qc6 32. fxg6 fxg6 33. Re7 R8d3 34. Qg5 h6 35. Rg7+ Kxg7 36. Qe7+ 1-0

[Event "*** SCC Grand Prix: Titled Tuesday Blitz"]
[Site "Chess.com"]
[Date "2020.08.11"]
[Round "1"]
[White "Ranindu2003"]
[Black "Mostii"]
[Result "1-0"]
[WhiteElo "2614"]
[BlackElo "2266"]
[TimeControl "180+1"]
[EndTime "10:06:06 PDT"]
[Termination "Ranindu2003 won by resignation"]

1. e4 e6 2. d4 d5 3. Nd2 dxe4 4. Nxe4 Nd7 5. Nf3 Ngf6 6. Nxf6+ Nxf6 7. Bd3 c5 8. c3 cxd4 9. cxd4 Bb4+ 10. Bd2 Bxd2+ 11.
Qxd2 O-O 12. O-O b6 13. Qf4 Bb7 14. Ne5 Nd5 15. Qg4 f5 16. Qg3 Qd6 17. Rad1 Rad8 18. Rfe1 Nf6 19. Bc4 Bd5 20. b3 Ne4 21. Qh3 Qa3 22. Re2 Bxc4 23. Nxc4 Qb4 24. a3 Qe7 25. a4 Qb4 26. Re3 Rd5 27. Rxe4 fxe4 28. Qxe6+ Kh8 29.
Qxd5 e3 30. Nxe3 1-0

[Event "*** SCC Grand Prix: Titled Tuesday Blitz"]
[Site "Chess.com"]
[Date "2020.08.11"]
[Round "1"]
[White "keepitcool9499"]
[Black "Manukyan_Artak"]
[Result "1-0"]
[WhiteElo "2659"]
[BlackElo "2313"]
[TimeControl "180+1"]
[EndTime "10:06:08 PDT"]
[Termination "keepitcool9499 won by resignation"]

1. d4 c6 2. c4 d5 3. cxd5 cxd5 4. Nc3 Nc6 5. Bf4 Nf6 6. Nf3 Bf5 7. e3 e6 8. Qb3 Bb4 9. Bb5 O-O 10. O-O Qb6 11.
Bxc6 bxc6 12. Na4 Qa5 13. Ne5 Rfc8 14. Rfc1 Qb5 15. Nxc6 Rxc6 16. Rxc6 Qxc6 17. Qxb4 Ne4 18. Nc5 Nxc5 19. dxc5 f6 20. Bd6 e5 21. h3 h5 22.
Rd1 Be6 23. Qa5 a6 24. Qb6 Rc8 25. Rd3 Qb5 26. Rb3 Qe2 27. Qb7 Qe1+ 28. Kh2 Qxf2 29. Qe7 Bf5 30. Rb7 1-0

[Event "*** SCC Grand Prix: Titled Tuesday Blitz"]
[Site "Chess.com"]
[Date "2020.08.11"]
[Round "1"]
[White "DenishevM"]
[Black "TioCridineno"]
[Result "1-0"]
[WhiteElo "2558"]
[BlackElo "2198"]
[TimeControl "180+1"]
[EndTime "10:06:08 PDT"]
[Termination "DenishevM won by checkmate"]

1. d4 Nf6 2. c4 g6 3. Nf3 Bg7 4. Nc3 O-O 5. e4 d6 6. Be2 e5 7. d5 a5 8. Bg5 Na6 9. Nd2 Qe8 10. O-O Nd7 11. f3 Ndc5 12. b3 Bd7 13. a3 f5 14. Rb1 f4 15. b4 axb4 16. axb4 Na4 17. Qc2 Nxc3 18. Qxc3 b6 19. Rfc1 Rf7 20. c5 bxc5 21.
Bxa6 Rxa6 22. bxc5 Bf8 23. c6 Bc8 24. Rb8 h6 25. Bh4 Kh7 26. Nc4 Rg7 27. Ra1 Rxa1+ 28. Qxa1 g5 29. Bf2 g4 30. Qa8 gxf3 31. Rxc8 Qg6 32. g3 fxg3 33. hxg3 Qxe4 34. Rxf8 Qb1+ 35. Kh2 Qf1 36. Rh8+ Kg6 37. Qe8+ Kf6 38. Qe6+ Kg5 39. Be3+ Kh5 40. Qxh6+ Kg4 41. Qe6# 1-0

[Event "*** SCC Grand Prix: Titled Tuesday Blitz"]
[Site "Chess.com"]
[Date "2020.08.11"]
[Round "1"]
[White "Sammed_Shete"]
[Black "SHIVACalypso"]
[Result "1-0"]
[WhiteElo "2644"]
[BlackElo "2299"]
[TimeControl "180+1"]
[EndTime "10:06:10 PDT"]
[Termination "Sammed_Shete won by resignation"]

1. e4 e6 2. d4 d5 3. Nc3 Nf6 4. exd5 exd5 5. Bd3 Bd6 6. Nge2 c6 7. O-O O-O 8. Bf4 Be6 9. Qd2 h6 10. Bg3 Bxg3 11.
hxg3 Re8 12. Nf4 Nbd7 13. Rfe1 Nf8 14. a4 Bd7 15. a5 Qc7 16. b4 Ne6 17. Nxe6 Rxe6 18.
Rxe6 Bxe6 19. Re1 b6 20. Qf4 Qxf4 21. gxf4 bxa5 22. bxa5 Rb8 23. Na4 Rb4 24. Nc5 Rxd4 25. f5 Bc8 26. Rb1 Ne8 27. Rb8 Nd6 28. Nb7 Nxb7 29.
Rxc8+ Kh7 30. f6+ g6 31. Rc7 Nd6 32. Rd7 Ne4 33. Rxf7+ Kg8 34. Rxa7 c5 35. a6 c4 36. Bxe4 dxe4 37. Rb7 1-0

[Event "*** SCC Grand Prix: Titled Tuesday Blitz"]
[Site "Chess.com"]
[Date "2020.08.11"]
[Round "1"]
[White "Anna_ChessMate"]
[Black "Ashedu66"]
[Result "1-0"]
[WhiteElo "2621"]
[BlackElo "2274"]
[TimeControl "180+1"]
[EndTime "10:06:10 PDT"]
[Termination "Anna_ChessMate won by resignation"]

1. d4 d5 2. c4 c6 3. Nf3 Nf6 4.
Nc3 e6 5. e3 Nbd7 6. Bd3 Bd6 7. b3 O-O 8. O-O Qe7 9. e4 dxc4 10.
bxc4 e5 11. d5 Nc5 12. Bc2 Bg4 13. h3 Bh5 14. a4 Rad8 15. Qe2 Bg6 16. Bg5 h6 17.
Bh4 Bh7 18. a5 a6 19. Rfb1 Kh8 20. g4 g5 21. Bg3 Rg8 22. Nd2 h5 23. f3 h4 24. Bf2 Nfd7 25. Nf1 f6 26. Ne3 Rb8 27. Na4 Nxa4 28. Bxa4 Rgc8 29. Rxb7 Rxb7 30. dxc6 Rxc6 31.
Bxc6 Rb2 32. Qxb2 1-0

[Event "*** SCC Grand Prix: Titled Tuesday Blitz"]
[Site "Chess.com"]
[Date "2020.08.11"]
[Round "1"]
[White "tk22h"]
[Black "Khvicha_Supatashvili"]
[Result "1/2-1/2"]
[WhiteElo "2374"]
[BlackElo "2726"]
[TimeControl "180+1"]
[EndTime "10:06:11 PDT"]
[Termination "Game drawn by agreement"]

1. c4 e5 2. Nc3 Nc6 3. Nf3 Nf6 4. g3 g6 5. Bg2 Bg7 6. O-O O-O 7. d4 exd4 8. Nxd4 Re8 9. Nxc6 bxc6 10. b3 Bb7 11.
Bb2 d6 12. Qd2 Qc8 13. Rad1 c5 14. Nd5 Nxd5 15. Bxg7 Kxg7 16. Bxd5 Bxd5 17. Qb2+ Kg8 18. Rxd5 a5 19. h4 h5 20. Kg2 a4 21. e3 axb3 22.
axb3 Qb7 23. Kh2 Reb8 24. Rb1 Qb4 25. Qf6 Ra2 26. Kg2 Qb7 27. Kg1 Re8 28. Qf4 Qc8 29.
Kg2 Qe6 30. b4 cxb4 31. Rxb4 Qxe3 32. Qxe3 Rxe3 33. c5 Ree2 34. Rf4 Ra5 35. Rc4 Re5 36. cxd6 cxd6 37. Rxd6 Rf5 38. Rdd4 Ra2 39. Rf4 Rxf4 40. Rxf4 Kg7 41. Rf3 1/2-1/2

[Event "*** SCC Grand Prix: Titled Tuesday Blitz"]
[Site "Chess.com"]
[Date "2020.08.11"]
[Round "1"]
[White "allvim"]
[Black "Son_of_Sultan"]
[Result "0-1"]
[WhiteElo "2384"]
[BlackElo "2764"]
[TimeControl "180+1"]
[EndTime "10:06:12 PDT"]
[Termination "Son_of_Sultan won by resignation"]

1. e4 c5 2. Nf3 Nc6 3. d4 cxd4 4. Nxd4 Nf6 5. Nc3 d6 6. f3 e5 7. Nb3 Be7 8. Be3 O-O 9. Qd2 a5 10. a4 Be6 11. Be2 Nb4 12. O-O-O d5 13. exd5 Nfxd5 14. Nxd5 Bxd5 15. Kb1 Rc8 16. Bd3 Qd7 17. Bb5 Qe6 18. c4 Bxc4 19. Bd7 Qg6+ 20. Ka1 Bxb3 21. Bxc8 Nc2+ 22. Kb1 Nxe3+ 23. Ka1 Nc2+ 24. Kb1 0-1

[Event "*** SCC Grand Prix: Titled Tuesday Blitz"]
[Site "Chess.com"]
[Date "2020.08.11"]
[Round "1"]
[White "m_ezat"]
[Black "mfwagnerpeixoto"]
[Result "0-1"]
[WhiteElo "2588"]
[BlackElo "2268"]
[TimeControl "180+1"]
[EndTime "10:06:12 PDT"]
[Termination "mfwagnerpeixoto won on time"]

1. d4 Nf6 2. c4 g6 3. Nc3 d5 4. Nf3 Bg7 5. Bf4 O-O 6. Rc1 c6 7. e3 Bg4 8. Be2 Bxf3 9. Bxf3 dxc4 10. b3 cxb3 11. Qxb3 Qb6 12. Rb1 Qxb3 13. Rxb3 b6 14. Ke2 e6 15. Nb5 Na6 16. Bxc6 Rac8 17. Nxa7 Ra8 18.
Bxa8 Rxa8 19. Nb5 Nd5 20. Bd6 Bf8 21. Bxf8 Kxf8 22. a3 Rc8 23. Kd2 Nf6 0-1

[Event "*** SCC Grand Prix: Titled Tuesday Blitz"]
[Site "Chess.com"]
[Date "2020.08.11"]
[Round "1"]
[White "albano87"]
[Black "BlackWidow515"]
[Result "1-0"]
[WhiteElo "2507"]
[BlackElo "2114"]
[TimeControl "180+1"]
[EndTime "10:06:12 PDT"]
[Termination "albano87 won by resignation"]

1. e4 e5 2. d4 exd4 3. Qxd4 Nc6 4.
Qe3 Nge7 5. Nc3 Ng6 6. Bd2 Bb4 7. O-O-O O-O 8. Bc4 d6 9. f4 Be6 10. Bb3 Bxb3 11. axb3 f5 12. exf5 Rxf5 13. Qe6+ Rf7 14. Nh3 Qf6 15. Qc4 Kh8 16. Kb1 Qf5 17. g4 Qd7 18. Ng5 Re7 19. Nd5 Bxd2 20. Nxe7 Qxe7 21. Rxd2 Rf8 22. Re2 Qd7 23. Qe6 Qxe6 24. Nxe6 Rc8 25. Rhe1 Kg8 26. c3 Kf7 27. Ng5+ Kg8 28. Re8+ Rxe8 29.
Rxe8+ Nf8 30. Rc8 Ne7 31. Rxc7 Neg6 32. f5 Ne5 33. Ne6 1-0

[Event "*** SCC Grand Prix: Titled Tuesday Blitz"]
[Site "Chess.com"]
[Date "2020.08.11"]
[Round "1"]
[White "londonkid"]
[Black "Firouzja2003"]
[Result "0-1"]
[WhiteElo "2453"]
[BlackElo "3034"]
[TimeControl "180+1"]
[EndTime "10:06:14 PDT"]
[Termination "Firouzja2003 won by resignation"]

1. d4 Nf6 2. c4 e6 3. Nf3 d5 4. cxd5 exd5 5. Nc3 c6 6. Bg5 h6 7. Bh4 Bd6 8. Qc2 O-O 9. e3 Re8 10. Bd3 Nbd7 11. O-O b6 12. Rad1 Bb7 13. Rfe1 Rc8 14. e4 dxe4 15. Nxe4 Be7 16. Ne5 Nxe4 17. Bxe7 Rxe7 18.
Bxe4 Qc7 19. Nxd7 Qxd7 20. Bf5 Rce8 21. Rf1 Qd5 22. Bg4 Qxa2 23. h3 Qd5 24. Bf3 Qd6 25.
Qb3 Bc8 26. Qc4 Bd7 27. Rc1 Rc8 28. b4 Be6 29. Qc3 Bd5 30. Bxd5 Qxd5 31. Rfe1 Rd7 32.
Red1 Rd6 33. Ra1 Rc7 34. Rac1 g6 35. Qe3 Kg7 36. Qc3 Re7 37. Rd3 Re4 38. Rcd1 Rf4 39. Qd2 Rf5 40. Re3 Rg5 41. f3 Rf6 42. Kh1 Qd6 43.
Qf2 Qxb4 44. Rde1 Qxd4 45. f4 Qxf4 46. Qb2 c5 47. Rf3 Qd4 0-1

[Event "*** SCC Grand Prix: Titled Tuesday Blitz"]
[Site "Chess.com"]
[Date "2020.08.11"]
[Round "1"]
[White "abykhovsky"]
[Black "ChronicUnhappiness"]
[Result "1-0"]
[WhiteElo "2731"]
[BlackElo "2365"]
[TimeControl "180+1"]
[EndTime "10:06:14 PDT"]
[Termination "abykhovsky won by resignation"]

1. Nf3 Nf6 2. g3 c5 3. Bg2 Nc6 4. O-O d5 5. d4 e6 6. c4 Be7 7. cxd5 exd5 8. dxc5 Bxc5 9. b3 O-O 10. Bb2 Re8 11.
Nc3 Bg4 12. Rc1 Bf8 13. h3 Bf5 14. Nb5 Ne4 15. Nbd4 Be6 16. Nxc6 bxc6 17. Rxc6 Qd7 18.
Ne5 Qb7 19. Rc1 Rac8 20. Nf3 Qd7 21. Kh2 h6 22. e3 a5 23. Qd4 a4 24. Ne5 Qb5 25.
bxa4 Qa5 26. f3 Bc5 27. Rxc5 Qxc5 28. fxe4 Qxd4 29. Bxd4 dxe4 30. Rf2 f5 31. g4 fxg4 32. Bxe4 gxh3 33. a5 Red8 34. a6 Bd5 35. Bxd5+ Rxd5 36. a7 Ra5 37. Kxh3 Ra8 38. Kg4 R8xa7 39. Bxa7 Rxa7 40. Kf5 Kh7 41. e4 Ra5 42. Re2 Ra3 43. Nc4 Rc3 44.
Nd6 Rc5+ 45. e5 g6+ 46. Kf6 h5 47. e6 Rc7 48. e7 1-0

[Event "*** SCC Grand Prix: Titled Tuesday Blitz"]
[Site "Chess.com"]
[Date "2020.08.11"]
[Round "1"]
[White "Lupul_Cenusiu"]
[Black "FMOlexandrProhorov"]
[Result "1-0"]
[WhiteElo "2504"]
[BlackElo "2105"]
[TimeControl "180+1"]
[EndTime "10:06:15 PDT"]
[Termination "Lupul_Cenusiu won on time"]

1. d4 Nf6 2. c4 c5 3. d5 b5 4.
Qc2 bxc4 5. e4 d6 6. Bxc4 Nbd7 7. Nf3 g6 8. O-O Bg7 9. Re1 O-O 10. h3 Nb6 11. Bf1 a5 12. Bf4 Nfd7 13. Nbd2 Ba6 14. Bxa6 Rxa6 15. Rad1 Qc7 16. Nb1 Rb8 17. Na3 a4 18. Re2 Raa8 19. Nb5 Qd8 20. Nc3 Nc4 21. Rb1 1-0

[Event "*** SCC Grand Prix: Titled Tuesday Blitz"]
[Site "Chess.com"]
[Date "2020.08.11"]
[Round "1"]
[White "Zarinur"]
[Black "Sekar24"]
[Result "0-1"]
[WhiteElo "2151"]
[BlackElo "2516"]
[TimeControl "180+1"]
[EndTime "10:06:16 PDT"]
[Termination "Sekar24 won on time"]

1. e4 c5 2. Nf3 d6 3. Bb5+ Nd7 4. O-O a6 5. Bxd7+ Bxd7 6. d4 cxd4 7. Qxd4 e5 8. Qd3 h6 9. Rd1 Nf6 10. Nbd2 b5 11. c4 Be7 12. Nb3 O-O 13. Be3 bxc4 14. Qxc4 Bb5 15. Qc2 Rc8 16. Qb1 Qc7 17. a4 Bc4 18. Nbd2 Be6 19. Ra3 Qb7 20. Rc1 d5 21. exd5 Nxd5 22. Nxe5 Bxa3 23. bxa3 Rxc1+ 24. Qxc1 Nxe3 25. fxe3 Rc8 26. Qf1 Qd5 27. Nef3 Rc2 28. Qxa6 Rxd2 29. Nxd2 Qxd2 30. Qa8+ Kh7 31. Qe4+ g6 32. h3 Qc1+ 33. Kh2 Qxa3 34. Qf4 Qa2 35. e4 Qxa4 0-1

[Event "*** SCC Grand Prix: Titled Tuesday Blitz"]
[Site "Chess.com"]
[Date "2020.08.11"]
[Round "1"]
[White "Dvacetsekund"]
[Black "Korona_91"]
[Result "1-0"]
[WhiteElo "2128"]
[BlackElo "2489"]
[TimeControl "180+1"]
[EndTime "10:06:16 PDT"]
[Termination "Dvacetsekund won by resignation"]

1. e4 e6 2. d4 d5 3. exd5 exd5 4. Nf3 Bd6 5. c4 c6 6. Bd3 dxc4 7. Bxc4 Nf6 8. O-O O-O 9. Nc3 h6 10. Re1 Bg4 11. h3 Bh5 12. g4 Bg6 13. Ne5 Bh7 14.
Qf3 Nbd7 15. Nxd7 Nxd7 16. Ne4 Nb6 17. Bb3 Bxe4 18. Rxe4 Qh4 19. g5 Qxe4 20. Qxe4 Rae8 21. Qf3 Re1+ 22. Kg2 hxg5 23. a3 Nd5 24. Bxd5 cxd5 25. Rb1 Bf4 26. Bxf4 Rxb1 27. Bd6 Re8 28. Qxd5 Rxb2 29. Bg3 Re6 30. Qxg5 Rg6 31. Qd8+ Kh7 32. Qh4+ Rh6 33. Qe4+ Rg6 34. h4 Rb5 35. d5 Kg8 36.
Qe8+ Kh7 1-0

[Event "*** SCC Grand Prix: Titled Tuesday Blitz"]
[Site "Chess.com"]
[Date "2020.08.11"]
[Round "1"]
[White "mapleaff"]
[Black "Virgo15"]
[Result "0-1"]
[WhiteElo "2335"]
[BlackElo "2677"]
[TimeControl "180+1"]
[EndTime "10:06:17 PDT"]
[Termination "Virgo15 won by resignation"]

1. d4 Nf6 2. Nf3 e6 3. c4 d5 4. Nc3 Bb4 5. Bg5 h6 6. Bxf6 Qxf6 7. e3 O-O 8. Rc1 dxc4 9. Bxc4 c5 10. O-O cxd4 11. Nxd4 Nc6 12. Nxc6 bxc6 13. Qb3 a5 14. a3 Be7 15. Qc2 Bb7 16. Ne4 Qe5 17. Be2 c5 18.
Nd2 Rab8 19. Nc4 Qg5 20. f3 Bd5 21. Qd2 Bf6 22. Qxa5 Bxc4 23. f4 Qg6 24. Bxc4 Rxb2 25. Rf2 Qe4 26. Qe1 Rfb8 27. Be2 Qxe3 28. Bf3 Bd4 29.
Qxe3 Bxe3 30. Rf1 Rxf2 31. Rxf2 Rb1+ 0-1

[Event "*** SCC Grand Prix: Titled Tuesday Blitz"]
[Site "Chess.com"]
[Date "2020.08.11"]
[Round "1"]
[White "Azatic"]
[Black "esrosenberg"]
[Result "1-0"]
[WhiteElo "2519"]
[BlackElo "2153"]
[TimeControl "180+1"]
[EndTime "10:06:17 PDT"]
[Termination "Azatic won by resignation"]

1. e4 e5 2. Nf3 Nc6 3. Bb5 a6 4. Ba4 Nf6 5. O-O Be7 6. Re1 b5 7. Bb3 O-O 8. d4 Nxd4 9. Nxd4 exd4 10. e5 Ne8 11. Qxd4 c5 12. Qe4 Ra7 13. c3 Bb7 14.
Qg4 d5 15. Nd2 d4 16. cxd4 Qxd4 17. Qg3 a5 18. Nf3 Qd8 19. Be3 Ra6 20. Rad1 Qa8 21. e6 fxe6 22. Rd7 Bxf3 23. gxf3 Rxf3 24. Qg2 Rf7 25.
Qxa8 Rxa8 26. Bxe6 Nf6 27. Rxe7 1-0

[Event "*** SCC Grand Prix: Titled Tuesday Blitz"]
[Site "Chess.com"]
[Date "2020.08.11"]
[Round "1"]
[White "Gareth-Bale11"]
[Black "WPWPWP-2015"]
[Result "1-0"]
[WhiteElo "2779"]
[BlackElo "2392"]
[TimeControl "180+1"]
[EndTime "10:06:18 PDT"]
[Termination "Gareth-Bale11 won on time"]

1. e4 c5 2. Nf3 e6 3. g3 Nc6 4.
Bg2 Nge7 5. O-O g6 6. d4 cxd4 7. Nxd4 Bg7 8. Nb5 O-O 9. N1c3 f5 10. Nd6 b6 11. a4 Ba6 12. Ncb5 Nc8 13. exf5 gxf5 14. Re1 Nxd6 15. Qxd6 Bb7 16. Bf4 Rc8 17. Rad1 Rf7 18. Nxa7 Nxa7 19. Bxb7 Rxc2 20. Rxe6 Nc8 21. Qd3 Rxb2 22. Ree1 Ne7 23. Qxd7 Qf8 24. Bg5 Ng6 25.
Bd5 h6 26. Re8 Kh7 27. Bxf7 Qc5 28. Bg8+ Kh8 29. Be3 1-0

[Event "*** SCC Grand Prix: Titled Tuesday Blitz"]
[Site "Chess.com"]
[Date "2020.08.11"]
[Round "1"]
[White "Klavdia_Nik"]
[Black "FMJoseHerrera"]
[Result "0-1"]
[WhiteElo "2062"]
[BlackElo "2495"]
[TimeControl "180+1"]
[EndTime "10:06:18 PDT"]
[Termination "FMJoseHerrera won on time"]

1. Nf3 Nf6 2. c4 g6 3. b3 Bg7 4. Bb2 d6 5. d4 O-O 6. g3 d5 7. Bg2 dxc4 8. bxc4 c5 9. e3 cxd4 10. exd4 Nc6 11. O-O Bg4 12. h3 Bf5 13. Nbd2 Rc8 14.
d5 Nb4 15. Nd4 Bd3 16. Re1 Bxc4 17. Nxc4 Rxc4 18. Qb3 Qc8 19. Bf1 Rxd4 20. Bxd4 Nc2 21. Rac1 Nxd4 22. Rxc8 Nxb3 23. Rxf8+ Bxf8 24. axb3 Nxd5 25. Bc4 Nb6 26. Be2 e6 27. Bf3 a5 28. Bxb7 Kg7 29. Rd1 Bb4 30. Kg2 Kf6 31. f4 Ke7 32.
Bc6 h6 33. Kf3 Bc3 34. Ke4 Bb4 35. g4 f5+ 36. gxf5 gxf5+ 37. Kf3 h5 38. Rg1 Kd6 39. Bb5 Kc5 40. Be8 h4 41. Rg6 Nd5 0-1

[Event "*** SCC Grand Prix: Titled Tuesday Blitz"]
[Site "Chess.com"]
[Date "2020.08.11"]
[Round "1"]
[White "TranJMinh"]
[Black "Rap_woyska"]
[Result "1-0"]
[WhiteElo "2831"]
[BlackElo "2408"]
[TimeControl "180+1"]
[EndTime "10:06:19 PDT"]
[Termination "TranJMinh won by resignation"]

1. d4 d5 2. c4 c6 3. Nf3 Nf6 4. e3 a6 5. Nbd2 e6 6. Bd3 Nbd7 7. O-O Bd6 8. b3 O-O 9. Bb2 Qe7 10. Qc2 dxc4 11.
Nxc4 Re8 12. e4 Bc7 13. e5 Nd5 14. Bxh7+ Kh8 15. Be4 b5 16. Ne3 Bb7 17. Bxd5 exd5 18. Nxd5 cxd5 19. Qxc7 Rab8 20. Qa5 Nf8 21. Ba3 Qd7 22. Rac1 Ne6 23. Bd6 Rbc8 24. Qd2 Kg8 25. Ng5 Nxg5 26. Qxg5 Qe6 27. h4 Bc6 28. Rc5 Bd7 29.
Bc7 b4 30. Rfc1 Bb5 31. Kh2 Bd3 32. f3 Qd7 33. Bd6 Rxc5 34. Rxc5 Qe6 35. Rc7 Rc8 36.
Rxc8+ Qxc8 37. Bxb4 Qc2 38. Be7 Qxa2 39. h5 Kh7 40.
Bf8 1-0

[Event "*** SCC Grand Prix: Titled Tuesday Blitz"]
[Site "Chess.com"]
[Date "2020.08.11"]
[Round "1"]
[White "wonderfultime"]
[Black "PowerThinking2650"]
[Result "1-0"]
[WhiteElo "2971"]
[BlackElo "2441"]
[TimeControl "180+1"]
[EndTime "10:06:20 PDT"]
[Termination "wonderfultime won on time"]

1. d4 Nf6 2. Nf3 g6 3. Bg5 Bg7 4. Nbd2 d5 5. c3 O-O 6. e3 c5 7. Bd3 Nc6 8. O-O h6 9. Bh4 cxd4 10. exd4 g5 11. Bg3 Nh5 12. Re1 f6 13. Bc2 Nxg3 14. hxg3 e5 15. dxe5 fxe5 16. Bb3 Kh8 17. Nf1 e4 18. N3h2 d4 19. Rxe4 dxc3 20. bxc3 Qxd1 21. Rxd1 Bxc3 22. Ne3 Bd4 23. Bd5 Bb6 24. Bxc6 bxc6 25. Rd6 Bf5 26. Re7 Bxe3 27. Rxh6+ Kg8 28. Rxe3 Rac8 29.
Nf3 Kg7 30. Rd6 Rfd8 31. Nd4 Bg6 32. Rxd8 Rxd8 33. Ne6+ 1-0